 Dungeon Crawl Stone Soup version 0.24.0-2-g5b39cebb1c (webtiles) character file.

Game seed: 13862667541530793326, levelgen mode: deterministic

269 Esekla the Vexing (level 6, -1/47 HPs)
             Began as a Formicid Enchanter on Oct 30, 2019.
             Succumbed to a big kobold's poison
             ... on level 3 of the Dungeon on Oct 31, 2019.
             The game lasted 00:23:12 (3683 turns).

Esekla the Vexing (Formicid Enchanter)              Turns: 3683, Time: 00:23:13

Health: -1/47      AC:  5    Str: 13    XL:     6   Next: 46%
Magic:  9/19       EV: 13    Int: 16    God:
Gold:   99         SH:  0    Dex: 11    Spells: 4/11 levels left

rFire    . . .     SeeInvis +   a - +1 dagger
rCold    . . .     Gourm    .   (no shield)
rNeg     . . .     Faith    .   b - +0 robe
rPois    .         Spirit   .   (helmet unavailable)
rElec    .         Reflect  .   (no cloak)
rCorr    .         Harm     .   f - +0 pair of gloves
MR       .....                  (no boots)
Stlth    ++........             (no amulet)
HPRegen  0.15/turn              m - ring of magical power
MPRegen  0.16/turn              (no ring)

@: lethally poisoned (-1 -> -35), very slightly contaminated
A: permanent stasis, dig shafts and tunnels, four strong arms, antennae 3, icy
blue scales 1, deterioration 1
a: Dig, Shaft Self


You were on level 3 of the Dungeon.
You were near starving.

You visited 1 branch of the dungeon, and saw 3 of its levels.

You collected 99 gold pieces.

Inventory:

Hand Weapons
 a - a +1 dagger (weapon)
 i - a +0 dagger of flaming
Missiles
 e - 43 poisoned darts (quivered)
Armour
 b - a +0 robe (worn)
 f - a +0 pair of gloves (worn)
Jewellery
 m - a ring of magical power (left hand)
Scrolls
 c - a scroll of fog {unknown}
 g - 2 scrolls of identify {unknown}
 k - 2 scrolls of teleportation {unknown}
 l - a scroll of enchant armour {unknown}
 n - 3 scrolls of remove curse
 p - a scroll of magic mapping {unknown}
Comestibles
 d - 3 rations


   Skills:
 * Level 3.4 Fighting
 + Level 2.7 Short Blades
 + Level 2.8 Dodging
 - Level 3.6 Stealth
 + Level 3.0 Spellcasting
 * Level 1.7 Conjurations
 + Level 3.9 Hexes


You had 4 spell levels left.
You knew the following spells:

 Your Spells              Type           Power        Failure   Level  Hunger
a - Corona                Hex            ###....      3%          1    #......
b - Tukima's Dance        Hex            ###.....     11%         3    ###....
d - Dazzling Spray        Conj/Hex       ##....       17%         3    ###....

Your spell library contained the following spells:

 Spells                   Type           Power        Failure   Level  Hunger
 Confuse                  Hex            ###.....     11%         3    ###....
 Ensorcelled Hibernation  Hex/Ice        #.....       13%         2    ##.....


Dungeon Overview and Level Annotations

Branches:
Dungeon (3/15)

Altars:
Elyvilon


Innate Abilities, Weirdness & Mutations

You cannot be hasted, slowed, berserked, paralysed or teleported.
You can dig through walls and to a lower floor.
Your four strong arms can wield two-handed weapons with a shield.
You have a pair of large antennae on your head. (SInv)
You are partially covered in icy blue scales. (AC +2)
Your body sometimes deteriorates upon taking damage.


Message History

The big kobold hits you but does no damage.
You are more poisoned.
Okay, then.
Casting: Dazzling Spray (safe; 17% risk of failure)
Confirm with . or Enter, or press ? or * to list all spells.
Aiming: Dazzling Spray (safe; 17% risk of failure)
Press: ? - help, Shift-Dir - straight line, f/p - big kobold
Aim: a big kobold, wielding a +1 dagger of venom (severely wounded)
The spray of energy hits the big kobold.
The big kobold is almost dead.
The big kobold is dazzled.
* * * LOW HITPOINT WARNING * * *
You feel very sick.
You closely miss the big kobold.
The big kobold is almost dead.
* * * LOW HITPOINT WARNING * * *
You feel sick. The big kobold barely misses you.
You hit the big kobold.
The big kobold is almost dead.
You die...

##. #≈≈..).<..##....#
#..##≈≈#.#######....#
.#...## .#.K#≈≈≈≈.##
#....#
.........#..#≈≈≈≈..##
######
.........#.{#≈≈≈≈...#
......#.##(.##≈≈#.#.###..
......#.###.(#≈≈#....)..#
..........#.(#≈#...#.####
........# #.(###@###.#
..###...###.)##KK# .#
........<....K...#
.....#.....#....##
.....###.#....### .....
......#.# ......##.##>#.#
..... #......# .....
####...#


You could see 2 big kobolds and 2 kobolds.

Vanquished Creatures
  Sigmund (D:2)
  3 gnolls (D:2)
  An adder (D:1)
  2 worms (D:2)
  3 dart slugs
  2 leopard geckos (D:1)
  3 orcs
  2 ball pythons (D:1)
  9 bats
  A giant cockroach (D:1)
  4 goblins
  8 hobgoblins
  2 jackals (D:1)
  8 frilled lizards
  8 kobolds
  9 rats
66 creatures vanquished.

Notes
Turn   | Place    | Note
-------+----------+-------------------------------------------
     0 | D:1      | Esekla the Formicid Enchanter began the quest for the Orb.
     0 | D:1      | Reached XP level 1. HP: 13/13 MP: 3/3
    46 | D:1      | Reached skill level 1 in Fighting
    66 | D:1      | Reached XP level 2. HP: 7/21 MP: 5/5
   219 | D:1      | HP: 1/21 [hobgoblin (1)]
  1140 | D:1      | Reached XP level 3. HP: 27/27 MP: 6/6
  2044 | D:2      | Found a white marble altar of Elyvilon.
  2111 | D:2      | You fall into a shaft and drop 1 floor!
  2415 | D:3      | Learned a level 3 spell: Tukima's Dance
  2419 | D:3      | Learned a level 3 spell: Dazzling Spray
  2456 | D:2      | Reached XP level 4. HP: 17/33 MP: 8/8
  2683 | D:1      | Gained mutation: Your body sometimes deteriorates upon
                  | taking damage. [potion of mutation]
  2683 | D:1      | Gained mutation: You are partially covered in icy blue
                  | scales. (AC +2) [potion of mutation]
  3047 | D:2      | Reached XP level 5. HP: 15/39 MP: 9/9
  3087 | D:2      | Reached skill level 1 in Conjurations
  3292 | D:2      | Noticed Sigmund
  3314 | D:2      | Killed Sigmund
  3314 | D:2      | Reached XP level 6. HP: 15/47 MP: 10/10
  3682 | D:3      | HP: 2/47 [poisoned by a big kobold]
  3683 | D:3      | Succumbed to a big kobold's poison

Levels and vault maps discovered:
D:1:      saegor_arrival_simple_a, layout_basic
D:2:      layout_basic, elyvilon_altar_5, uniq_sigmund
D:3:      cheibrodos_thug_alley, layout_rooms, grunt_gozag_statues,
          nicolae_overflow_hidden_temple, gammafunk_ghost_grave,
          grunt_decor_arrowhead, hangedman_decor_lopped, uniq_ijyb,
          uniq_jessica, uniq_terence

Skill      XL: |  1  2  3  4  5 |
---------------+----------------+-----
Fighting       | 1 2 3 |  3.4
Dodging        | 2 |  2.8
Short Blades   | 2 |  2.7
Conjurations   | 1 |  1.7
Spellcasting   | 3 |  3.0
Stealth        | |  3.6
Hexes          | |  3.9

Action                   |  1- 3 |  4- 6 || total
-------------------------+-------+-------++-------
Melee: Dagger            |   173 |   121 ||   294
Throw: Dart              |     5 |    18 ||    23
 Cast: Corona            |     6 |     1 ||     7
       Dazzling Spray    |       |     9 ||     9
 Abil: Shaft Self        |     1 |       ||     1
  Use: Potion            |       |     5 ||     5
       Scroll            |       |     1 ||     1
 Stab: Sleeping          |     7 |     1 ||     8
       Invisible         |       |     2 ||     2
  Eat: Chunk             |     1 |     5 ||     6
       Ration            |     1 |       ||     1
Armor: Robe              |    34 |    26 ||    60
Dodge: Dodged            |   117 |    78 ||   195
